 Dungeon Crawl Stone Soup version 0.31-a0-986-g5e6e4ef867 (webtiles) character file.

Game seed: 15550391526700343044

9385 TrayleKats the Arsonist (level 11, -9/65 HPs)
             Began as a Deep Elf Fire Elementalist on Nov 14, 2023.
             Was a Believer of Vehumet.
             Mangled by a komodo dragon (14 damage)
             ... on level 1 of the Lair of Beasts on Nov 15, 2023.
             The game lasted 00:21:46 (14528 turns).

TrayleKats the Arsonist (DEFE)                     Turns: 14528, Time: 00:21:46

Health: -9/65      AC:  8    Str:  8    XL:     11   Next: 22%
Magic:  11/26      EV: 14    Int: 23    God:    Vehumet [**....]
Gold:   492        SH:  0    Dex: 15    Spells: 17/29 levels left

rFire   . . .        o - +5 whip "Riloid" {spect, rCorr Str+3}
rCold   + + .        (no shield)
rNeg    . . .        D - +2 leather armour of Korohin {rPois rC++ Will++ Int-2}
rPois   +            a - +0 helmet
rElec   .            (no cloak)
rCorr   +            m - +0 pair of gloves
SInv    .            n - +0 pair of boots
Will    +++..        (no amulet)
Stlth   ++           x - +4 ring of slaying
HPRegen 0.30/turn    (no ring)
MPRegen 0.20/turn

%: no passive effects
@: lethally poisoned (-9 -> -10)
A: no striking features
a: Renounce Religion


You were on level 1 of the Lair of Beasts.
You worshipped Vehumet.
Vehumet was pleased with you.
You visited 3 branches of the dungeon, and saw 12 of its levels.
You also visited: Sewer.

You collected 492 gold pieces.

Inventory:

Hand Weapons
 o - the +5 whip "Riloid" (weapon) {spect, rCorr Str+3}
   (You found it on level 2 of the Dungeon)

   Str+3:     It affects your strength (+3).
   rCorr:     It protects you from acid and corrosion.
Missiles
 B - 2 throwing nets
Armour
 a - a +0 helmet (worn)
 m - a +0 pair of gloves (worn)
 n - a +0 pair of boots (worn)
 D - the +2 leather armour of Korohin (worn) {rPois rC++ Will++ Int-2}
   (You found it on level 5 of the Dungeon)

   Int-2:     It affects your intelligence (-2).
   rC++:      It greatly protects you from cold.
   rPois:     It protects you from poison Will++: It greatly increases your
   willpower.
Jewellery
 s - a ring of see invisible
 x - a +4 ring of slaying (left hand)
 E - a ring of ice
Wands
 p - a wand of flame (16)
 v - a wand of polymorph (2)
Scrolls
 f - 6 scrolls of teleportation
 l - 3 scrolls of noise
 t - a scroll of enchant weapon
 y - a scroll of immolation
 C - a scroll of fear
Potions
 b - a potion of magic
 c - 6 potions of heal wounds
 d - 3 potions of enlightenment
 e - a potion of mutation
 g - a potion of invisibility {unknown}
 h - 2 potions of degeneration
 i - 2 potions of brilliance
 j - 2 potions of curing
 k - 2 potions of might {unknown}
 r - 2 potions of attraction {unknown}
 u - a potion of cancellation {unknown}
 z - 3 potions of haste
 A - 2 potions of berserk rage


   Skills:
 * Level 6.3 Fighting
 + Level 6.9 Dodging
 - Level 2.4 Stealth
 + Level 9.9 Spellcasting
 - Level 5.0 Conjurations
 - Level 5.0 Translocations
 * Level 11.7 Fire Magic
 - Level 5.0 Earth Magic


You had 17 spell levels left.
You knew the following spells:

 Your Spells              Type           Power      Damage    Failure   Level
a - Foxfire               Conj/Fire      100%       2x1d9     1%          1
b - Scorch                Fire           100%       2d9       1%          2
c - Apportation           Tloc           68%        N/A       1%          1
d - Brom's Barrelling Bo  Conj/Erth      34%        2d5       11%         4
e - Flame Wave            Conj/Fire      49%        2d12      2%          4

Your spell library contained the following spells:

 Spells                   Type           Power      Damage    Failure   Level
 Static Discharge         Conj/Air       44%        3-5/arc   4%          2
 Sandblast                Erth           68%        2d15      1%          1
 Volatile Blastmotes      Fire/Tloc      98%        2d18      1%          3
 Inner Flame              Hex/Fire       38%        N/A       2%          3
 Stone Arrow              Conj/Erth      68%        3d11      3%          3
 Passwall                 Tmut/Erth      18%        N/A       4%          2
 Sting                    Tmut/Pois      44%        1d5       9%          1
 Summon Small Mammal      Summ           44%        N/A       9%          1
 Passage of Golubria      Tloc           34%        N/A       11%         4
 Jinxbite                 Hex            22%        N/A       13%         2
 Poisonous Vapours        Pois/Air       22%        N/A       13%         2
 Call Canine Familiar     Summ           11%        N/A       26%         3
 Summon Guardian Golem    Hex/Summ       11%        N/A       26%         3
 Olgreb's Toxic Radiance  Pois           11%        N/A       63%         4
 Alistair's Intoxication  Tmut/Pois      7%         N/A       93%         5
 Silence                  Hex/Air        5%         N/A       93%         5
 Lehudib's Crystal Spear  Conj/Erth      17%        10d5      100%        8


Dungeon Overview and Level Annotations

Branches:
Dungeon (10/15)            Temple (1/1) D:5            Lair (1/5) D:9
  Sewer (visited)
    Orc: D:9-12

Altars:
Ashenzari
Cheibriados
Dithmenos
Elyvilon
Fedhas
Gozag
Hepliaklqana
Kikubaaqudgha
Makhleb
Nemelex Xobeh
Okawaru
Qazlal
Ru
Sif Muna
Trog
Uskayaw
Vehumet
Wu Jian
Xom
Yredelemnul
Zin
The Shining One

Annotations:
D:7 1 runed translucent door


Message History

A wave of flame ripples out!
The flame wave engulfs the komodo dragon.
The komodo dragon is moderately wounded.
Vehumet accepts your kill.
You feel your power returning.
You feel a bit more experienced.
You finish channelling waves of flame.
You feel sick.
You hear a loud, deep croak!
The komodo dragon bites you but does no damage.
Casting: Flame Wave (dangerous; 2% risk of failure)
Confirm with . or Enter, or press ? or * to list all spells.
Casting: Flame Wave (dangerous; 2% risk of failure)
Press: ? - help, Dir - look around, f - activate A wave of flame ripples out!
The flame wave engulfs the komodo dragon!
The komodo dragon is heavily wounded. (Press . to intensify the flame waves.)
You feel sick.
You hear a bellow!
The komodo dragon barely misses you.
A wave of flame ripples out!
The flame wave engulfs the komodo dragon!
The komodo dragon is almost dead.
The flame wave engulfs the blink frog.
You kill the blink frog!
Vehumet accepts your kill.
The flame wave engulfs the water moccasin!!
The water moccasin is almost dead.
You feel sick. The komodo dragon bites you!!
* * * LOW HITPOINT WARNING * * *
A wave of flame ripples out!
The flame wave engulfs the komodo dragon.
The komodo dragon is almost dead.
The flame wave engulfs the water moccasin!
You kill the water moccasin!
Vehumet accepts your kill.
You finish channelling waves of flame.
You feel sick.
You hear a loud, deep croak! x2; You hear an angry hiss.
A wyvern comes into view.
The komodo dragon bites you!
You die...

..... . .....
#.####)..#
#........#
+........#
#........#
......l..#
#......@.#
#####.#.†# ..
.†... ...
........ ...
........... ..
............ .
.............
.............l


You could see a komodo dragon and a wyvern.

Vanquished Creatures
  A two-headed ogre (D:9)
  Joseph (D:7)
  A kobold demonologist (D:10)
  A cane toad (Lair:1)
  An unseen horror (D:10)
  Jeremiah (D:7)
  Psyche (D:9)
  4 blink frogs (Lair:1)
  Sigmund (D:3)
  A wyvern (D:9)
  6 yaks (D:10)
  Eustachio (D:4)
  2 steam dragons
  3 vampire mosquitoes (D:8)
  3 wargs (D:9)
  3 water moccasins
  Duvessa (D:7)
  5 orc warriors
  An ice beast (D:6)
  3 ogres
  2 wolves (Lair:1)
  7 centaurs
  2 kobold brigands
  4 scorpions
  3 bullfrogs
  A gnoll sergeant (D:5)
  4 wights
  Dowan (D:7)
  6 hounds
  7 orc priests
  A jelly (D:6)
  A sleepcap (D:7)
  Jessica (D:2)
  A gnoll bouda (D:5)
  A human skeleton (D:7)
  7 iguanas
  Natasha (twice) (D:2)
  10 orc wizards
  16 gnolls
  7 adders
  2 ufetubi (D:7)
  A worm (D:3)
  A dart slug (D:1)
  43 orcs
  10 bats
  7 endoplasms
  3 giant cockroaches
  6 goblins
  5 hobgoblins
  3 quokkas
  6 ball pythons
  A frilled lizard (D:1)
  19 kobolds
  3 rats
235 creatures vanquished.

Vanquished Creatures (collateral kills)
  3 boulders
3 creatures vanquished.

Vanquished Creatures (others)
  2 boulders
  1057 foxfires
1059 creatures vanquished.

Grand Total: 1297 creatures vanquished

Notes
Turn   | Place    | Note
-------+----------+-------------------------------------------
     0 | D:1      | TrayleKats the Deep Elf Fire Elementalist began the quest
                  | for the Orb.
     0 | D:1      | Reached XP level 1. HP: 10/10 MP: 6/6
   544 | D:1      | Reached XP level 2. HP: 15/15 MP: 5/8
  1363 | D:2      | Reached skill level 4 in Fire Magic
  1363 | D:2      | Reached XP level 3. HP: 19/19 MP: 6/10
  1366 | D:2      | Learned a level 2 spell: Scorch
  1495 | D:2      | Found a bloodstained altar of Trog.
  1568 | D:2      | Noticed Natasha
  1574 | D:2      | Killed Natasha
  2066 | D:2      | Found a faded altar of an unknown god.
  2125 | D:2      | Identified the +5 whip "Riloid" {spect, rCorr Str+3}
  2125 | D:2      | Noticed Jessica
  2129 | D:2      | Killed Jessica
  2130 | D:2      | Reached XP level 4. HP: 24/24 MP: 6/12
  2352 | D:2      | Noticed Natasha
  2356 | D:2      | Killed Natasha
  2473 | D:3      | Noticed Sigmund
  2607 | D:3      | Reached skill level 5 in Fire Magic
  2669 | D:3      | Reached XP level 5. HP: 28/28 MP: 5/13
  2678 | D:3      | Killed Sigmund
  2679 | D:3      | Reached skill level 5 in Spellcasting
  2679 | D:3      | Reached XP level 6. HP: 28/32 MP: 0/15
  3140 | D:3      | Found a shadowy altar of Dithmenos.
  3150 | D:3      | Reached skill level 6 in Fire Magic
  4083 | D:4      | Noticed Eustachio
  4095 | D:4      | Killed Eustachio
  4096 | D:4      | Reached skill level 7 in Fire Magic
  4096 | D:4      | Reached XP level 7. HP: 36/36 MP: 9/17
  4351 | D:4      | Learned a level 1 spell: Apportation
  4606 | D:4      | Learned a level 4 spell: Brom's Barrelling Boulder
  5125 | D:5      | Entered Level 5 of the Dungeon
  5192 | D:5      | Reached skill level 1 in Translocations
  5194 | D:5      | Found a glowing drain.
  5203 | Sewer    | Entered a sewer
  5306 | Sewer    | Reached skill level 1 in Earth Magic
  5395 | D:5      | Found a hide-covered altar of Uskayaw.
  5616 | D:5      | Reached XP level 8. HP: 41/41 MP: 13/19
  5631 | D:5      | Learned a level 4 spell: Flame Wave
  5856 | D:5      | Found a staircase to the Ecumenical Temple.
  5896 | Temple   | Entered the Ecumenical Temple
  5910 | Temple   | Became a worshipper of Vehumet
  5988 | D:5      | Reached skill level 5 in Conjurations
  5994 | D:5      | Reached skill level 8 in Fire Magic
  6274 | D:5      | Identified the +2 leather armour of Korohin {rPois rC++
                  | Will++ Int-2}
  6871 | D:6      | Reached skill level 1 in Fighting
  7116 | D:6      | Found a broken altar of Ashenzari.
  8092 | D:6      | Reached XP level 9. HP: 48/48 MP: 17/22
  8870 | D:6      | Reached skill level 9 in Fire Magic
  9454 | D:7      | Noticed Joseph
  9470 | D:7      | Killed Joseph
  9782 | D:7      | Reached * piety under Vehumet
  9782 | D:7      | Offered knowledge of Freeze by Vehumet.
 10164 | D:7      | Found a sacrificial altar of Ru.
 10404 | D:7      | Noticed Jeremiah
 10785 | D:7      | Killed Jeremiah
 10892 | D:7      | Found a runed translucent door.
 10898 | D:7      | Found a basalt altar of Yredelemnul.
 10998 | D:7      | Noticed Duvessa
 10998 | D:7      | Noticed Dowan
 11023 | D:7      | Killed Duvessa
 11024 | D:7      | Reached skill level 5 in Dodging
 11024 | D:7      | Reached XP level 10. HP: 56/56 MP: 16/24
 11027 | D:7      | Killed Dowan
 11345 | D:8      | Found a shimmering blue altar of Sif Muna.
 11367 | D:8      | Reached skill level 10 in Fire Magic
 12314 | D:9      | Noticed Psyche
 12459 | D:9      | Found an ancient bone altar of Kikubaaqudgha.
 12475 | D:9      | Found a hazy altar of Hepliaklqana.
 12494 | D:9      | Found an ornate altar of the Wu Jian Council.
 12527 | D:9      | Found a staircase to the Lair.
 12564 | D:9      | Reached skill level 5 in Translocations
 12619 | D:9      | Reached skill level 5 in Earth Magic
 12860 | D:9      | Noticed a two-headed ogre
 12869 | D:9      | Killed a two-headed ogre
 12870 | D:9      | Reached skill level 5 in Fighting
 13121 | D:9      | Killed Psyche
 13316 | D:10     | Entered Level 10 of the Dungeon
 13364 | D:10     | Reached skill level 11 in Fire Magic
 13556 | D:10     | Reached ** piety under Vehumet
 13558 | D:10     | Offered knowledge of Magic Dart by Vehumet.
 14258 | D:10     | Reached XP level 11. HP: 45/64 MP: 4/26
 14515 | Lair:1   | Entered Level 1 of the Lair of Beasts
 14515 | Lair:1   | Noticed Grum
 14516 | Lair:1   | Grum changed into Grum the scorpion
 14516 | Lair:1   | Noticed Grum
 14519 | Lair:1   | Offered knowledge of Static Discharge by Vehumet.
 14520 | Lair:1   | Killed Grum the scorpion
 14528 | Lair:1   | Mangled by a komodo dragon

Illustrated notes

Levels and vault maps discovered:
D:1:      psy_arrival_basics, layout_basic, grunt_decor_junction
D:2:      layout_loops_ring, basic_altar,
          hellmonk_ecumenical_altar_heavens_door, minmay_tetromino_l2,
          uniq_jessica, uniq_natasha
D:3:      layout_rooms, grunt_dithmenos_smoke_and_mirrors, uniq_sigmund
D:4:      layout_gridville, uniq_eustachio
D:5:      layout_loops_ring, nicolae_overflow_crystal_walls,
          minmay_temple_entry_mini_moons, portal_sewer_entry_d, lightli_minifort
D:6:      kb_forest_paths, layout_basic, amcnicky_altar_gilded
D:7:      layout_loops_ring, dk_yredelemnul_ordeal,
          nicolae_ru_sacrificial_ziggurat, nicolae_fountain_basement,
          uniq_jeremiah, uniq_duvessa, uniq_joseph
D:8:      layout_basic, mainiacjoe_overflow_tiny_flanked
D:9:      layout_long_grid, mainiacjoe_overflow_swirl, nzn_wu_jian_council_hall,
          erik_lair_orcish_takeover, uniq_psyche
D:10:     layout_grid_maze, special_room [special_room_orc],
          minmay_fractal_squares_diagonal_5
Temple:   nicolae_temple_god_jail
Lair:1:   layout_regular_city, beast_lair_carwin_6, uniq_grum

Skill      XL: |  1  2  3  4  5  6  7  8  9 10 11 |
---------------+----------------------------------+-----
Fire Magic     | 4 5 7 8 9 11 | 11.7
Conjurations   | 2 3 4 5 |  5.0
Spellcasting   | 4 5 6 7 8 9 |  9.9
Translocations | 1 3 4 5 |  5.0
Earth Magic    | 1 3 4 5 |  5.0
Fighting       | 2 4 5 6 |  6.3
Dodging        | 3 5 6 |  6.9
Stealth        | |  2.4

Action                     |  1- 3 |  4- 6 |  7- 9 | 10-12 || total
---------------------------+-------+-------+-------+-------++-------
  Melee: Whip              |       |       |     5 |       ||     5
   Cast: Foxfire           |    79 |   120 |   245 |   188 ||   632
         Scorch            |     3 |     7 |    55 |    22 ||    87
         Brom's Barrelling |       |       |     3 |     2 ||     5
         Flame Wave        |       |       |     4 |    13 ||    17
  Evoke: Wand              |       |       |       |     5 ||     5
    Use: Scroll            |       |       |    16 |     1 ||    17
 Armour: Robe              |     3 |     9 |       |       ||    12
         Leather armour    |       |       |    55 |    71 ||   126
  Dodge: Dodged            |     4 |    11 |    32 |    48 ||    95

Table legend: (Time is in decaauts)
 A = Elapsed time spent in this place.
 B = Non-inter-level travel time spent in this place.
 C = Inter-level travel time spent in this place.
 D = Time resting spent in this place.
 E = Time spent auto-exploring this place.
 F = Levels seen in this place.
 G = Mean time per level.
                   A        B        C        D        E       F      G
               +--------+--------+--------+--------+--------+-----+--------+
         Total |  14537 |  13975 |    562 |   3994 |   8190 |  13 | 1118.2 |
       Dungeon |  14317 |  13779 |    538 |   3994 |   8051 |  10 | 1431.7 |
        Temple |     26 |      2 |     24 |      0 |      0 |   1 |   26.0 |
          Lair |     12 |     12 |      0 |      0 |      0 |   1 |   12.0 |
         Sewer |    180 |    180 |      0 |      0 |    139 |   1 |  180.0 |
               +--------+--------+--------+--------+--------+-----+--------+

Top non-repeatable levels by time:
     D:6: 3025 daAuts
     D:5: 1736 daAuts
     D:4: 1643 daAuts
     D:2: 1302 daAuts
     D:1: 1253 daAuts
    D:10: 1186 daAuts
     D:9: 1162 daAuts
     D:7: 1153 daAuts
     D:8: 929 daAuts
     D:3: 924 daAuts
   Sewer: 180 daAuts
  Temple: 26 daAuts
  Lair:1: 12 daAuts
